 Dungeon Crawl Stone Soup version 0.27-a0-1137-g3ef0f4ec91 (webtiles) character file.

Game seed: 16030687290519039122

347 siradein the Slasher (level 6, -2/48 HPs)
             Began as a Demonspawn Fighter on May 6, 2021.
             Slain by an ogre
             ... wielding a +0 giant spiked club
              (14 damage)
             ... on level 5 of the Dungeon.
             The game lasted 00:09:52 (4448 turns).

siradein the Slasher (Demonspawn Fighter)           Turns: 4448, Time: 00:09:53

Health: -2/48      AC:  9    Str: 18    XL:     6   Next: 32%
Magic:  6/6        EV:  4    Int:  9    God:
Gold:   198        SH:  9    Dex: 13    Spells: 5/5 levels left

rFire    . . .     SeeInvis .   a - +0 long sword
rCold    . . .     Faith    .   c - +0 kite shield
rNeg     . . .     Spirit   .   h - +0 chain mail
rPois    .         Reflect  .   (no helmet)
rElec    .         Harm     .   (no cloak)
rCorr    +         Rampage  .   (no gloves)
Will     +....                  (no boots)
Stlth    ..........             (no amulet)
HPRegen  0.16/turn              s - ring of willpower
MPRegen  0.20/turn              t - ring of resist corrosion

@: no status effects
A: rugged brown scales 1, foul stench 1, magic regeneration
a: no special abilities


You were on level 5 of the Dungeon.
You visited 1 branch of the dungeon, and saw 5 of its levels.

You collected 198 gold pieces.

Inventory:

Hand Weapons
 a - a +0 long sword (weapon)
Missiles
 g - 11 boomerangs (quivered)
 r - 3 curare-tipped darts
Armour
 c - a +0 kite shield (worn)
 h - a +0 chain mail (worn)
Jewellery
 s - a ring of willpower (left hand)
 t - a ring of resist corrosion (right hand)
Wands
 q - a wand of mindburst (7)
Scrolls
 f - a scroll of immolation {unknown}
 i - 3 scrolls of noise {unknown}
 k - a scroll of amnesia {unknown}
 l - a scroll of teleportation {unknown}
 m - a scroll of enchant armour {unknown}
 p - a scroll of fog {unknown}
Potions
 b - 2 potions of curing {unknown}
 d - 2 potions of might
 e - a potion of attraction
 j - a potion of lignification {unknown}
 n - a potion of flight {unknown}
 o - a potion of brilliance {unknown}


   Skills:
 - Level 3.0 Fighting
 + Level 6.2 Long Blades
 - Level 2.6 Armour
 - Level 2.6 Shields


You had 5 spell levels left.
You didn't know any spells.
Your spell library contained the following spells:

 Spells                   Type           Power      Damage    Failure   Level
 Magic Dart               Conj           0%         1d3       100%        1
 Searing Ray              Conj           0%         3d3       100%        2
 Dazzling Flash           Conj/Hex       0%         N/A       100%        3
 Fulminant Prism          Conj/Hex       0%         3d6       100%        4
 Iskenderun's Mystic Bla  Conj/Tloc      0%         2d3       100%        4


Dungeon Overview and Level Annotations

Branches:
Dungeon (5/15)
 Temple: D:4-7

Altars:
Cheibriados

Annotations:
D:4 Grinder
D:5 Dowan


Innate Abilities, Weirdness & Mutations

You are partially covered in rugged brown scales. (AC +1, +3% HP)
You may rarely emit foul miasma when damaged in melee.
You regenerate magic rapidly.


Message History

The jelly jiggles.
You see here an iguana corpse.
You see here an iguana corpse.
You see here an iguana corpse.
The jelly jiggles.
You slash the jelly!
Your hands burn!
The jelly is heavily wounded.
The jelly hits you but does no damage.
You hit the jelly.
Your hands burn!
* * * LOW HITPOINT WARNING * * *
The jelly is severely wounded.
The jelly hits you but does no damage. x2
You slash the jelly!
You kill the jelly!
You start resting.
HP restored.
s - a ring of willpower
s - a ring of willpower (left hand)
t - a ring of resist corrosion
t - a ring of resist corrosion (right hand)
You now have 198 gold pieces (gained 11).
An ogre comes into view. It is wielding a +0 giant spiked club.
The ogre shouts!
Found a scale mail.
An ogre is nearby!
You hit the ogre.
The ogre is lightly wounded.
You block the ogre's attack.
You hit the ogre but do no damage.
The ogre is lightly wounded.
The ogre hits you with a +0 giant spiked club!!
You hit the ogre.
The ogre is moderately wounded.
The ogre hits you with a +0 giant spiked club!!
* * * LOW HITPOINT WARNING * * *
You are too injured to fight recklessly!
You are too injured to fight recklessly!
You are too injured to fight recklessly!
The ogre hits you with a +0 giant spiked club!
You die...

#..# ##########
#.## .........#
♣.♣
.........#♣♣.♣♣###
.............÷...#
##########♣♣.♣♣#.#
## ♣.♣ #.# .###
##.###.# ...##
###...##@# .)..#
#......O.# ....#
#........## ...##
##......## ..##
##....## ###
##..## ####


You could see an ogre.

Vanquished Creatures
  An ogre (D:4)
  A scorpion (D:4)
  A jelly (D:5)
  A hound (D:5)
  An iguana (D:5)
  A hound skeleton (D:4)
  5 adders
  An adder zombie (D:3)
  A worm (D:2)
  A dart slug (D:2)
  5 endoplasms
  2 giant cockroaches
  5 hobgoblins
  3 jackals (D:2)
  3 quokkas
  7 ball pythons
  4 bats
  5 frilled lizards
  6 goblins
  8 kobolds
  3 rats (D:2)
65 creatures vanquished.

Notes
Turn   | Place    | Note
-------+----------+-------------------------------------------
     0 | D:1      | siradein the Demonspawn Fighter began the quest for the
                  | Orb.
     0 | D:1      | Reached XP level 1. HP: 18/18 MP: 1/1
    52 | D:1      | Reached skill level 2 in Long Blades
   213 | D:1      | Found a faded altar of an unknown god.
   439 | D:1      | Gained mutation: You regenerate magic rapidly. [demonic
                  | ancestry]
   439 | D:1      | Reached XP level 2. HP: 23/24 MP: 2/2
   893 | D:2      | Reached skill level 3 in Long Blades
   912 | D:2      | Gained mutation: You are partially covered in rugged brown
                  | scales. (AC +1, +3% HP) [demonic ancestry]
   912 | D:2      | Reached XP level 3. HP: 15/29 MP: 3/3
  2170 | D:3      | Reached skill level 4 in Long Blades
  2170 | D:3      | Reached XP level 4. HP: 35/36 MP: 4/4
  2645 | D:4      | Noticed a scorpion
  2654 | D:4      | Killed a scorpion
  2655 | D:4      | Reached XP level 5. HP: 15/42 MP: 5/5
  2750 | D:4      | Reached skill level 5 in Long Blades
  3060 | D:4      | Noticed an orc warrior
  3405 | D:4      | Found a snail-covered altar of Cheibriados.
  3698 | D:4      | Noticed an ogre
  3741 | D:4      | Killed an ogre
  4014 | D:4      | Noticed Grinder
  4018 | D:5      | Entered Level 5 of the Dungeon
  4042 | D:5      | Gained mutation: You may rarely emit foul miasma when
                  | damaged in melee. [demonic ancestry]
  4042 | D:5      | Reached XP level 6. HP: 48/48 MP: 6/6
  4049 | D:5      | Noticed Dowan
  4132 | D:5      | Reached skill level 6 in Long Blades
  4448 | D:5      | Slain by an ogre

Illustrated notes

Levels and vault maps discovered:
D:1:      ncdulo_watergridlock, layout_rooms,
          chequers_ecumenical_altar_simple_redux
D:2:      layout_rooms
D:3:      layout_loops_ring
D:4:      minmay_chambers_of_twos, layout_loops_ring, overflow_temple_1_default,
          uniq_grinder
D:5:      layout_cave_pods, serial_shops, nicolae_shop_behind_doors, shop,
          minmay_tree_intersection, uniq_duvessa

Skill      XL: |  1  2  3  4  5  6 |
---------------+-------------------+-----
Long Blades    | 2 3 4 5 6 |  6.2
Fighting       | |  3.0
Armour         | |  2.6
Shields        | |  2.6

Action                   |  1- 3 |  4- 6 || total
-------------------------+-------+-------++-------
Melee: Long sword        |   112 |   113 ||   225
  Use: Scroll            |     2 |       ||     2
Armor: Scale mail        |    48 |       ||    48
       Chain mail        |     6 |    67 ||    73
Dodge: Dodged            |    27 |    20 ||    47
Block: Kite shield       |    46 |    54 ||   100
       Rpst.: Long sword |    10 |     6 ||    16

Table legend: (Time is in decaauts)
 A = Elapsed time spent in this place.
 B = Non-inter-level travel time spent in this place.
 C = Inter-level travel time spent in this place.
 D = Time resting spent in this place.
 E = Time spent auto-exploring this place.
 F = Levels seen in this place.
 G = Mean time per level.
                   A        B        C        D        E       F      G
               +--------+--------+--------+--------+--------+-----+--------+
         Total |   4548 |   4473 |     75 |    562 |   2773 |   5 |  909.6 |
       Dungeon |   4548 |   4473 |     75 |    562 |   2773 |   5 |  909.6 |
               +--------+--------+--------+--------+--------+-----+--------+

Top non-repeatable levels by time:
     D:4: 1385 daAuts
     D:2: 1070 daAuts
     D:3: 930 daAuts
     D:1: 728 daAuts
     D:5: 434 daAuts
